 Dungeon Crawl Stone Soup version 0.27.1-1-g398f81649c (webtiles) character file.

Game seed: 7784310337235373253

2 ZARRMARR the Stinger (level 1, 0/11 HPs)
             Began as an Octopode Venom Mage on Sept 7, 2021.
             Slain by a bat (1 damage)
             ... on level 1 of the Dungeon.
             The game lasted 00:00:28 (50 turns).

ZARRMARR the Stinger (Octopode Venom Mage)            Turns: 50, Time: 00:00:28

Health: 0/11       AC:  1    Str:  7    XL:     1   Next: 30%
Magic:  3/3        EV: 13    Int: 17    God:
Gold:   12         SH:  0    Dex: 12    Spells: 3/4 levels left

rFire    . . .     SeeInvis .   (no weapon)
rCold    . . .     Faith    .   (no shield)
rNeg     . . .     Spirit   .   (helmet restricted)
rPois    .         Reflect  .   (no amulet)
rElec    .         Harm     .   (no ring)
rCorr    .         Rampage  .   (no ring)
Will     .....                  (no ring)
Stlth    +++.......             (no ring)
HPRegen  0.03/turn              (no ring)
MPRegen  0.08/turn              (no ring)
                                (no ring)
                                (no ring)

@: no status effects
A: almost no armour, amphibious, 8 rings, camouflage 1, gelatinous body 1,
(nimble swimmer 1), tentacles
a: no special abilities


You were on level 1 of the Dungeon.
You visited 1 branch of the dungeon, and saw 1 of its levels.

You collected 12 gold pieces.

You aren't carrying anything.


   Skills:
 + Level 2.0 Dodging
 + Level 2.6 Stealth
 + Level 2.0 Spellcasting
 + Level 1.0 Transmutations
 + Level 3.7 Poison Magic


You had 3 spell levels left.
You knew the following spells:

 Your Spells              Type           Power      Damage    Failure   Level
a - Sting                 Tmut/Pois      36%        1d4       8%          1

Your spell library contained the following spells:

 Spells                   Type           Power      Damage    Failure   Level
 Poisonous Vapours        Pois/Air       16%        N/A       14%         2
 Mephitic Cloud           Conj/Pois/Air  6%         N/A       34%         3
 Olgreb's Toxic Radiance  Pois           14%        N/A       38%         4


Dungeon Overview and Level Annotations

Branches:
Dungeon (1/15)

Altars:


Innate Abilities, Weirdness & Mutations

You cannot wear most types of armour.
You are amphibious.
You can wear up to eight rings at the same time.
Your skin changes colour to match your surroundings (Stealth+).
Your rubbery body absorbs attacks. (AC +1, EV +1)
((You are camouflaged near water. (Stealth+)))
You have tentacles for arms and can constrict up to eight enemies at once.


Message History

You tentacle-slap the bat. Your grab misses the bat.
The bat is severely wounded.
The bat barely misses you.
You miss the bat. Your grab misses the bat.
The bat is severely wounded.
The bat closely misses you. The bat completely misses you.
The bat hits you but does no damage.
Found a stone staircase leading down.
The bat closely misses you. The hobgoblin misses you.
You tentacle-slap the hobgoblin. You grab the hobgoblin.
You squeeze the hobgoblin, but do no damage.
The hobgoblin is heavily wounded.
You constrict the hobgoblin, but do no damage.
The bat hits you. The hobgoblin closely misses you.
You barely miss the hobgoblin. You squeeze the hobgoblin.
You kill the hobgoblin!
The bat barely misses you. The bat hits you but does no damage.
The quokka closely misses you.
You see here a hobgoblin corpse.
The bat misses you. The bat barely misses you.
You see here a ring of resist corrosion.
You closely miss the bat. Your grab misses the bat.
The bat is severely wounded.
The bat hits you but does no damage. The bat barely misses you.
The quokka bites you.
You miss the bat. Your grab misses the bat.
The bat is severely wounded.
The bat hits you but does no damage. The quokka bites you.
* * * LOW HITPOINT WARNING * * *
A hobgoblin comes into view.
The bat hits you but does no damage. x2
You barely miss the bat. Your grab misses the bat. Your squeeze misses the bat.
The bat is severely wounded.
The bat hits you but does no damage. The quokka bites you.
* * * LOW HITPOINT WARNING * * *
You closely miss the quokka. Your grab misses the quokka. The bat misses you.
The quokka completely misses you. The bat hits you.
You die...

.. .g. #. .. #. ..
.#. ... #.#
#######b## #
........@.#.#
........r.#.#
............# #
.#####........†#..#
#. ......######.....#
#..+#≈≈≈##........#>#
#..#.....#......###.#
#..≈..<..≈......# .#
#..≈..⌠..≈..?...#


You could see a quokka, a hobgoblin (asleep) and a bat.

Vanquished Creatures
  A hobgoblin (D:1)
  A rat (D:1)
2 creatures vanquished.

Notes
Turn   | Place    | Note
-------+----------+-------------------------------------------
     0 | D:1      | ZARRMARR the Octopode Venom Mage began the quest for the
                  | Orb.
     0 | D:1      | Reached XP level 1. HP: 11/11 MP: 3/3
    50 | D:1      | Slain by a bat

Illustrated notes

Levels and vault maps discovered:
D:1:      dpeg_arrival_rooms_with_view, layout_basic

Action                   || total
-------------------------++-------
Melee: Unarmed           ||     9
       Tentacles         ||     2
       Constrict         ||     1
 Cast: Sting             ||     1
Armor: Skin              ||     7
Dodge: Dodged            ||    20
